 Dungeon Crawl Stone Soup version 0.24.0-13-gcf9b319 (webtiles) character file.

Game seed: 10225888391395215404, levelgen mode: deterministic

51893 Fang the Blocker (level 14, 0/96 HPs)
             Began as a Gargoyle Fighter on Jan 2, 2020.
             Was a High Priest of Trog.
             Slain by a 20-headed hydra (5 damage)
             ... on level 6 of the Lair of Beasts.
             The game lasted 00:22:08 (17587 turns).

Fang the Blocker (Gargoyle Fighter)                Turns: 17587, Time: 00:22:08

Health: 0/96       AC: 33    Str: 24    XL:     14   Next: 61%
Magic:  14/14      EV:  7    Int: 10    God:    Trog [*****.]
Gold:   1370       SH: 14    Dex:  9    Spells: 13/13 levels left

rFire    + . .     SeeInvis .   C - +4 war axe of Moderation {chop, rC+}
rCold    + . .     Gourm    .   B - +1 shield
rNeg     + . .     Faith    .   b - +3 plate armour {rF+}
rPois    ∞         Spirit   .   (no helmet)
rElec    +         Reflect  .   M - scarf {cloud immunity}
rCorr    +         Harm     .   (no gloves)
MR       ++...                  E - +2 pair of boots {run}
Stlth    ..........             (no amulet)
HPRegen  0.26/turn              r - ring of resist corrosion
MPRegen  0.14/turn              A - ring of protection from magic

@: berserk cooldown, flying, slowed, very slow
A: big wings, negative energy resistance 1, electricity resistance, unbreathing,
petrification resistance, rot immunity, AC +10
a: Stop Flying, Berserk, Trog's Hand, Brothers in Arms, Renounce Religion


You were on level 6 of the Lair of Beasts.
You worshipped Trog.
Trog was extremely pleased with you.
You were not hungry.

You visited 3 branches of the dungeon, and saw 18 of its levels.
You also visited: Ossuary.

You collected 1370 gold pieces.

Inventory:

Hand Weapons
 a - a +0 broad axe
 C - the +4 war axe of Moderation (weapon) {chop, rC+}
   (You found it on level 7 of the Dungeon)

   It inflicts extra damage upon your enemies.
   It protects you from cold.
 K - a +3 war axe
Armour
 b - a +3 plate armour of fire resistance (worn)
 u - the +5 plate armour "Nyvimu" {Str+6}
   (You found it on level 6 of the Lair of Beasts)

   It affects your strength (+6).
 B - a +1 shield (worn)
 E - a +2 pair of boots of running (worn)
 M - a scarf of cloud immunity (worn)
Jewellery
 r - a ring of resist corrosion (left hand)
 A - a ring of protection from magic (right hand)
 L - an uncursed ring of protection from cold
Wands
 g - a wand of polymorph (13)
 q - a wand of flame (33)
 s - a wand of paralysis (6)
 t - a wand of iceblast (14)
 x - a wand of random effects (32)
 z - a wand of digging (10)
 G - a wand of enslavement (20)
 I - a wand of acid (11)
 J - a wand of scattershot (5)
Scrolls
 e - 10 scrolls of identify
 f - a scroll of blinking
 i - 3 scrolls of fog
 l - 9 scrolls of teleportation
 o - 9 scrolls of remove curse
 y - 4 scrolls of magic mapping
 H - 2 scrolls of holy word
Potions
 d - 4 potions of might
 h - 4 potions of haste
 j - 7 potions of curing
 k - 2 potions of flight
 m - 3 potions of heal wounds
 n - 4 potions of invisibility
 v - a potion of mutation
 w - a potion of resistance
 F - a potion of berserk rage
Comestibles
 c - 25 rations
 p - 9 chunks of flesh


   Skills:
 + Level 14.1 Fighting
 + Level 12.0 Axes
 + Level 13.4 Armour
 + Level 14.1 Shields


You had 13 spell levels left.
You didn't know any spells.
Your spell library contained the following spells:

 Spells                   Type           Power        Failure   Level  Hunger
 Sandblast                Erth           #.....       98%         1    ##.....
 Passwall                 Tmut/Erth      #.......     99%         2    ###....
 Stone Arrow              Conj/Erth      #.....       100%        3    ####...
 Petrify                  Tmut/Erth      #.......     100%        4    #####..
 Lee's Rapid Deconstruct  Erth           #.........   100%        5    ######.


Dungeon Overview and Level Annotations

Branches:
Dungeon (11/15)            Temple (1/1) D:7            Lair (6/6) D:10
  Swamp (0/4) Lair:4        Snake (0/4) Lair:3        Slime (0/5) Lair:5
    Orc (0/2) D:9         Ossuary (visited)

Altars:
Ashenzari
Cheibriados
Dithmenos
Elyvilon
Fedhas
Gozag
Hepliaklqana
Kikubaaqudgha
Makhleb
Nemelex Xobeh
Okawaru
Qazlal
Ru
Sif Muna
Trog
Uskayaw
Vehumet
Wu Jian
Xom
Yredelemnul
Zin
The Shining One
Jiyva
Lugonu

Shops:
D:7 *

Annotations:
D:11 Sonja
Lair:3 3 runed translucent doors, Ixtylaz's ghost, novice FeSu
Lair:5 exclusion: oklob plant


Innate Abilities, Weirdness & Mutations

You are resistant to torment.
Your stone body is resilient. (AC +10)
You are immune to poison.
Your large and strong wings let you fly indefinitely.
You resist negative energy. (rN+)
You are resistant to electric shocks. (rElec)
You can survive without breathing.
You are immune to petrification.
You are immune to rotting.


Message History

The 19-headed hydra barely misses you.
The 19-headed hydra bites you but does no damage. x4
The 19-headed hydra bites you.
* * * LOW HITPOINT WARNING * * *
The 19-headed hydra barely misses you. The 19-headed hydra bites you.
* * * LOW HITPOINT WARNING * * *
The 19-headed hydra bites you but does no damage.
You hack one of the 19-headed hydra's heads off!
The 18-headed hydra grows two more!
You slice the 20-headed hydra!!
The 20-headed hydra is almost dead.
You block the 20-headed hydra's attack. x2
The 20-headed hydra closely misses you. The 20-headed hydra bites you.
* * * LOW HITPOINT WARNING * * *
The 20-headed hydra bites you but does no damage. x2
The 20-headed hydra bites you.
* * * LOW HITPOINT WARNING * * *
The 20-headed hydra barely misses you.
The 20-headed hydra bites you but does no damage.
You block the 20-headed hydra's attack. The 20-headed hydra bites you.
You die...

........%....PP.<..##...
#.#...%P%....#.....P#...
##....%..... ##....##...
##.......... ###.........
#.......... #......#....
##.........## ##.....#....
............# ##....#....
.........D..# ##....##...
.......$.@..####..........
............##..#.........
...........#####......#...
...........# #......#...
..#........####P..........
.##...................P...
#...................#....
##.......................
#(.......................


You could see a 20-headed hydra.

Vanquished Creatures
  Snorg (Lair:3)
  Josephine (Lair:6)
  A hydra (Lair:4)
  A catoblepas (Lair:6)
  3 two-headed ogres
  5 death yaks
  A deep troll shaman (Lair:6)
  An unseen horror (D:11)
  2 lindwurms
  4 ugly things
  2 manticores (D:11)
  A cyclops (D:8)
  An ice statue (Lair:3)
  A black mamba (Lair:5)
  16 elephants
  2 torpor snails
  13 spiny frogs
  4 rime drakes
  An ice devil (Lair:3)
  A freezing wraith (D:11)
  6 komodo dragons
  4 polar bears
  5 trolls
  A hornet (D:10)
  3 blink frogs (Lair:6)
  7 hippogriffs
  3 bog bodies (Lair:4)
  Sigmund (D:6)
  5 wraiths (Lair:6)
  29 yaks
  A wyvern (Lair:3)
  A steam dragon (D:11)
  3 basilisks
  3 hungry ghosts
  Edmund (D:4)
  2 swamp worms (Lair:4)
  4 nagas (Lair:3)
  2 acid dragons (D:11)
  10 water moccasins
  8 porcupines
  4 sky beasts
  2 orc warriors (D:8)
  21 ice beasts
  4 ogres
  3 black bears
  2 phantoms (D:9)
  An eye of draining (D:10)
  6 centaurs
  7 crocodiles
  16 wolves
  2 gnoll sergeants
  12 bullfrogs
  4 water moccasin zombies (Ossuary)
  A wyvern skeleton (D:8)
  4 scorpions
  A troll zombie (D:9)
  7 wights
  An electric eel (Lair:4)
  6 howler monkeys
  4 crimson imps (D:5)
  4 bullfrog zombies
  4 jellies
  2 quasits
  7 orc priests
  Crazy Yiuf (D:5)
  8 orc wizards
  A centaur skeleton (D:11)
  Terence (D:2)
  8 hell rats (Lair:1)
  Ijyb (D:3)
  6 iguanas
  8 worker ants
  5 ogre zombies (D:9)
  3 hound skeletons
  2 mummies (Ossuary)
  A worker ant zombie (D:11)
  8 adders
  8 gnolls
  13 river rats (Lair:1)
  A white imp (Lair:3)
  6 adder zombies (Ossuary)
  2 oozes
  3 adder skeletons
  4 worms
  3 dart slugs
  4 leopard geckos
  21 orcs
  5 bats
  8 giant cockroaches
  2 gnoll zombies (Ossuary)
  8 goblins
  9 hobgoblins
  22 jackals
  8 quokkas
  7 goblin zombies (D:9)
  7 hobgoblin zombies
  6 kobolds
  7 kobold zombies (Ossuary)
  A leopard gecko skeleton (D:4)
  5 orc skeletons (D:9)
  10 orc zombies
  9 rats
  A fungus (Lair:6)
  A plant (Lair:5)
520 creatures vanquished.

Vanquished Creatures (collateral kills)
  2 hydras (Lair:5)
2 creatures vanquished.

Vanquished Creatures (others)
  3 bushes (Lair:5)
  2 fungi
  11 plants
16 creatures vanquished.

Grand Total: 538 creatures vanquished

Notes
Turn   | Place    | Note
-------+----------+-------------------------------------------
     0 | D:1      | Fang the Gargoyle Fighter began the quest for the Orb.
     0 | D:1      | Reached XP level 1. HP: 14/14 MP: 1/1
    48 | D:1      | Reached XP level 2. HP: 19/19 MP: 2/2
   185 | D:1      | Reached XP level 3. HP: 17/23 MP: 3/3
   507 | D:2      | Noticed Terence
   522 | D:2      | Killed Terence
   522 | D:2      | Reached XP level 4. HP: 28/29 MP: 4/4
   754 | D:2      | Found a shimmering altar of Xom.
   773 | D:2      | Found a radiant altar of Vehumet.
   818 | D:2      | Found an opulent altar of Gozag.
  1285 | D:3      | Reached XP level 5. HP: 32/33 MP: 5/5
  1352 | D:3      | Noticed Ijyb
  1354 | D:3      | Paralysed by Ijyb for 6 turns
  1362 | D:3      | Paralysed by Ijyb for 2 turns
  1365 | D:3      | Paralysed by Ijyb for 2 turns
  1371 | D:3      | Killed Ijyb
  1633 | D:4      | Reached XP level 6. HP: 29/39 MP: 6/6
  1775 | D:4      | Noticed Edmund
  2172 | D:4      | Killed Edmund
  2172 | D:4      | Reached skill level 5 in Fighting
  2172 | D:4      | Reached skill level 5 in Armour
  2172 | D:4      | Reached skill level 5 in Shields
  2172 | D:4      | Reached XP level 7. HP: 24/44 MP: 7/7
  2323 | D:4      | Found a hide-covered altar of Uskayaw.
  2331 | D:4      | Noticed a +0 hand axe
  2332 | D:4      | Noticed a +0 dagger
  2897 | D:5      | Entered Level 5 of the Dungeon
  2961 | D:5      | Found a stormy altar of Qazlal.
  3455 | D:5      | Found a runed translucent door.
  3456 | D:5      | Noticed Crazy Yiuf
  3767 | D:5      | Found a shimmering altar of Xom.
  3803 | D:5      | Reached XP level 8. HP: 46/51 MP: 8/8
  3959 | D:5      | Killed Crazy Yiuf
  4032 | D:6      | Found a sand-covered staircase.
  4079 | Ossuary  | Entered an ossuary
  4420 | D:6      | Found a shattered altar of Ashenzari.
  4639 | D:6      | Reached skill level 5 in Axes
  4978 | D:6      | Found a shadowy altar of Dithmenos.
  5085 | D:6      | Noticed Sigmund
  5117 | D:6      | Killed Sigmund
  5117 | D:6      | Reached XP level 9. HP: 56/56 MP: 9/9
  5844 | D:7      | Found an opulent altar of Gozag.
  5846 | D:7      | Found Gozag's Platinum Reserve.
  5903 | D:7      | Found a staircase to the Ecumenical Temple.
  5917 | D:7      | Got a crude war axe
  5920 | Temple   | Entered the Ecumenical Temple
  6003 | Temple   | Became a worshipper of Trog the Wrathful
  6022 | D:7      | Identified the +4 war axe of Moderation {chop, rC+} (You
                  | found it on level 7 of the Dungeon)
  6031 | D:7      | Reached skill level 10 in Fighting
  6031 | D:7      | Reached skill level 10 in Shields
  6031 | D:7      | Reached XP level 10. HP: 68/68 MP: 10/10
  6338 | D:8      | Noticed a cyclops
  6353 | D:8      | Killed a cyclops
  6679 | D:8      | Found a hazy altar of Hepliaklqana.
  7983 | D:9      | Found an ornate altar of the Wu Jian Council.
  7984 | D:9      | Found a basalt altar of Yredelemnul.
  8034 | D:9      | Found a burning altar of Makhleb.
  8086 | D:9      | Noticed a two-headed ogre
  8096 | D:9      | Killed a two-headed ogre
  8096 | D:9      | Reached XP level 11. HP: 55/73 MP: 11/11
  8304 | D:9      | Reached * piety under Trog
  8313 | D:9      | Found a snail-covered altar of Cheibriados.
  8403 | D:9      | Found a staircase to the Orcish Mines.
  8411 | D:9      | Noticed a two-headed ogre
  8607 | D:9      | Killed a two-headed ogre
  8622 | D:9      | Reached ** piety under Trog
  9191 | D:10     | Entered Level 10 of the Dungeon
  9241 | D:10     | Found a staircase to the Lair.
  9507 | D:10     | Reached skill level 10 in Armour
  9522 | D:10     | Noticed a cyan ugly thing
  9535 | D:10     | Killed a cyan ugly thing
 10003 | D:11     | Noticed a two-headed ogre
 10012 | D:11     | Killed a two-headed ogre
 10219 | D:11     | Noticed a manticore
 10229 | D:11     | Killed a manticore
 10261 | D:11     | Noticed a manticore
 10284 | D:11     | Killed a manticore
 10284 | D:11     | Reached *** piety under Trog
 10284 | D:11     | Reached XP level 12. HP: 53/80 MP: 12/12
 10686 | D:11     | Identified a +2 pair of boots of running (You found it on
                  | level 11 of the Dungeon)
 10761 | D:11     | Noticed Sonja
 11473 | Lair:1   | Entered Level 1 of the Lair of Beasts
 11574 | Lair:1   | Reached skill level 10 in Axes
 11635 | Lair:1   | Identified a scroll of acquirement
 11636 | Lair:1   | Found the +3 sling "Punk" {acid, rCorr}
 11821 | Lair:1   | Reached **** piety under Trog
 12367 | Lair:2   | Reached ***** piety under Trog
 12367 | Lair:2   | Reached XP level 13. HP: 69/87 MP: 13/13
 13407 | Lair:3   | Noticed Snorg
 13421 | Lair:3   | Killed Snorg
 13514 | Lair:3   | Found a staircase to the Snake Pit.
 13650 | Lair:3   | Found a runed translucent gate.
 13651 | Lair:3   | Found a runed translucent gate.
 13652 | Lair:3   | Found a runed translucent gate.
 13652 | Lair:3   | Noticed Ixtylaz's ghost (novice FeSu)
 15392 | Lair:4   | Found a staircase to the Swamp.
 15966 | Lair:5   | Found a basalt altar of Yredelemnul.
 15984 | Lair:5   | Gained mutation: Your large and strong wings let you fly
                  | indefinitely. [Gargoyle growth]
 15984 | Lair:5   | Reached XP level 14. HP: 87/94 MP: 14/14
 16152 | Lair:5   | Found a viscous altar of Jiyva.
 16152 | Lair:5   | Found a staircase to the Slime Pits.
 16706 | Lair:6   | Entered Level 6 of the Lair of Beasts
 16899 | Lair:6   | Got a transparent plate armour
 16910 | Lair:6   | Identified the +5 plate armour "Nyvimu" {Str+6} (You found
                  | it on level 6 of the Lair of Beasts)
 17412 | Lair:6   | Noticed Josephine
 17430 | Lair:6   | Killed Josephine
 17430 | Lair:6   | Received a gift from Trog
 17587 | Lair:6   | Slain by a 20-headed hydra

Levels and vault maps discovered:
D:1:      psy_arrival_fountain, layout_rooms, minmay_crystal_room
D:2:      layout_rooms, lemuel_round_altar, lemuel_coloured_pillars_altar,
          lemuel_crystal_altar, minivault_23, kennysheep_cross_room,
          minmay_misc_feat_rows, hangedman_decor_push, uniq_natasha,
          uniq_terence
D:3:      layout_loops_cross, first_ration, chequers_serial_rivers_large_b,
          uniq_ijyb
D:4:      layout_gridville, dancing_weapons_uskayaw, kennysheep_generic_room_5,
          uniq_edmund
D:5:      layout_basic, nicolae_qazlal_general_emergency, led_xom_imps,
          uniq_crazy_yiuf_cottage
D:6:      layout_basic, ashenzari_altar_1, nicolae_ossuary_entry_monument,
          nicolae_dithmenos_shadow_blocks, uniq_sigmund
D:7:      layout_cave_pools, minmay_temple_entry_statues_pillars,
          nicolae_gozag_zags_fifth_avenue
D:8:      minmay_razor_zed, layout_layer_cave, nicolae_overflow_crystal_walls
D:9:      layout_loops_ring, kennysheep_mini, nicolae_overflow_hidden_temple,
          zombieorc1_lemuel
D:10:     layout_basic, lair_entry_dummy
D:11:     minmay_the_grid_triangle_9x9_rhombus_full
          [minmay_the_grid_triangle_9x9_intruding_spiral,
          minmay_the_grid_triangle_9x9_dagger,
          minmay_the_grid_triangle_9x9_sprig,
          minmay_the_grid_triangle_9x9_limited_checkers,
          minmay_the_grid_triangle_9x9_impossible_snake,
          minmay_the_grid_triangle_9x9_flanged_cone,
          minmay_the_grid_triangle_9x9_cache,
          minmay_the_grid_triangle_9x9_prize_center], layout_rooms,
          serial_co_window_serial, co_window_paths_b, co_window_corner_a,
          co_window_paths_a, co_window_paths_a, co_window_paths_a,
          co_window_corner_a, co_window_of_opportunity_a,
          co_window_of_opportunity_b, co_window_corner_ca, co_window_broadway_c,
          co_window_unsneaky_path_a, co_window_2corner, co_window_paths_d,
          glass_columns_a, glass_columns_b, glass_columns_b, glass_columns_b,
          portal_ice_cave_entry_ice_beasts, uniq_gastronok, uniq_sonja,
          uniq_erica
Temple:   kb_corrupted_temple
Lair:1:   lemuel_ratsnest, layout_cave_shapes
Lair:2:   layout_roguey, infiniplex_staircase_pool_2, grunt_megastairs_3
Lair:3:   layout_regular_city, minmay_snake_entry_guardpost_small,
          ebering_ghost_rock_garden, ice2_lemuel, infiniplex_staircase_pool,
          uniq_snorg
Lair:4:   layout_gridlike, nicolae_swamp_entry_splash_gauntlet,
          grunt_megastairs_2
Lair:5:   wad_woods_stonehenge, layout_loops_ring,
          dpeg_slime_entry_enclosed_altar, minmay_lair_oklob_bushes
Lair:6:   grunt_lair_end_beastmaster, layout_gridlike, lemuel_fruit_fields,
          lemuel_fruit_tree, serial_bayou_shore_b, uniq_josephine

Skill      XL: |  1  2  3  4  5  6  7  8  9 10 11 12 13 14 |
---------------+-------------------------------------------+-----
Axes           | 2 3 4 5 8 9 10 11 12 | 12.0
Fighting       | 4 5 6 10 11 12 13 14 | 14.1
Shields        | 4 5 6 10 11 12 13 14 | 14.1
Armour         | 4 5 6 8 9 10 11 12 13 | 13.4

Action                   |  1- 3 |  4- 6 |  7- 9 | 10-12 | 13-15 || total
-------------------------+-------+-------+-------+-------+-------++-------
Melee: War axe           |    95 |   178 |   473 |   716 |   624 ||  2086
       Unarmed           |       |     5 |       |       |       ||     5
Invok: Trog's Hand       |       |       |       |     1 |     3 ||     4
       Berserk           |       |       |       |       |     7 ||     7
       Brothers in Arms  |       |       |       |       |     4 ||     4
 Abil: Evoke Flight      |       |       |       |       |     1 ||     1
       Fly               |       |       |       |       |     1 ||     1
Evoke: Wand              |       |       |       |     2 |     1 ||     3
  Use: Scroll            |       |    10 |     8 |    14 |     8 ||    40
       Potion            |       |     1 |     1 |       |     1 ||     3
  Eat: Chunk             |       |     5 |    10 |    20 |    16 ||    51
       Ration            |       |       |     1 |     2 |     3 ||     6
Armor: Scale mail        |    25 |       |       |       |       ||    25
       Chain mail        |    76 |   133 |   279 |   144 |       ||   632
       Plate armour      |       |       |       |   279 |   804 ||  1083
Dodge: Dodged            |    38 |    45 |   112 |   141 |   278 ||   614
Block: Shield            |    68 |   103 |   288 |   484 |   635 ||  1578
